 Dungeon Crawl Stone Soup version 0.18.1-8-gdd0e5ea (webtiles) character file.

1056 Wardy2 the Slasher (level 8, -2/64 HPs)
             Began as a Minotaur Berserker on June 11, 2016.
             Was a Priest of Trog.
             Slain by nezrel's ghost (7 damage)
             ... in a sewer.
             The game lasted 00:45:16 (3289 turns).

Wardy2 the Slasher (Minotaur Berserker)             Turns: 3289, Time: 00:45:42

Health: -2/64      AC: 14    Str: 23    XL:     8   Next: 6%
Magic:  6/7        EV:  8    Int:  6    God:    Trog [***...]
Gold:   182        SH:  0    Dex:  7    Spells: 0 memorised, 7 levels left

rFire  . . .     SeeInvis .     a - +1 long sword (protect)
rCold  . . .     Gourm    .     y - +0 chain mail
rNeg   . . .     Faith    .     (no shield)
rPois  +         Spirit   .     (helmet unavailable)
rElec  .         Dismiss  .     (no cloak)
rCorr  .         Reflect  .     p - +0 pair of gloves
SustAt .         Harm     .     (no boots)
MR     .....                    (no amulet)
Stlth  ..........               (no ring)
                                j - ring of flight

@: flying, not resistant to hostile enchantments, extremely unstealthy
A: retaliatory headbutt, horns 3, clever 1, clumsy 2, poison resistance, wild
magic 1
a: Berserk, Trog's Hand, Burn Spellbooks, Renounce Religion, Stop Flying


You were in a sewer.
You worshipped Trog.
Trog was most pleased with you.
You were not hungry.

You visited 1 branch of the dungeon, and saw 5 of its levels.
You also visited: Sewer.

You collected 182 gold pieces.

Inventory:

Hand Weapons
 a - a +1 long sword of protection (weapon)
 k - a +1 short sword of protection
Armour
 p - a +0 pair of gloves (worn)
 y - a +0 chain mail (worn)
Jewellery
 j - a ring of flight (left hand)
Wands
 q - a wand of flame (6/48)
 u - a wand of flame (29/48)
Scrolls
 b - a scroll of remove curse
 f - 4 scrolls of identify {unknown}
 r - a scroll of enchant armour {unknown}
 t - a scroll of teleportation {unknown}
 x - a scroll of fog {unknown}
 A - a scroll of noise {unknown}
Potions
 d - a potion of curing {unknown}
 e - a potion of berserk rage {unknown}
 g - 2 potions of degeneration
 i - 3 potions of haste {unknown}
 l - a potion of ambrosia {unknown}
 m - a potion of invisibility {unknown}
 n - 2 potions of mutation {unknown}
 o - 2 potions of agility {unknown}
 s - a potion of cancellation {unknown}
Comestibles
 c - 3 bread rations
 v - 2 fruits


   Skills:
 - Level 3.6 Fighting
 - Level 6.8(8.2) Short Blades
 * Level 7.5(9.0) Long Blades
   Level 4.7 Polearms
 - Level 2.4 Armour
 - Level 2.1 Dodging


You had 7 spell levels left.
You didn't know any spells.

Dungeon Overview and Level Annotations

Branches:
Dungeon (5/15)
 Temple: D:4-7

Altars:
Elyvilon
Gozag
Sif Muna

Annotations:
Sewer nezrel's ghost, amateur MiFi


Innate Abilities, Weirdness & Mutations

You reflexively headbutt those who attack you in melee.
You have a pair of large horns on your head.
Your mind is acute. (Int +2)
You are very clumsy. (Dex -4)
Your system is resistant to poisons.
Your spells are a little harder to cast, but a little more powerful.


Message History

You headbutt the ball python.
You kill the ball python!
Trog accepts your kill.
Nezrel's ghost hits you but does no damage.
You fail to use your ability.
Nezrel's ghost barely misses you.
You feel very buoyant.
You fly up into the air.
You are near starving!
Nezrel's ghost completely misses you.
Nezrel's ghost hits you but does no damage.
All of the chunks of flesh in your inventory have rotted away.
You're too hungry to go berserk.
Eat which item? (? for menu, Esc to quit)
Nezrel's ghost hits you!
* * * LOW HITPOINT WARNING * * *
You continue eating.
Nezrel's ghost hits you but does no damage.
You continue eating.
Nezrel's ghost hits you!
You die...

........###
..........# #####
..........+ #.∩.#
...≈≈P≈.. #.∩.#
.≈≈≈≈P #...#
######≈≈########'###
≈≈≈≈≈≈≈≈≈≈≈≈†s≈≈≈≈≈#
≈≈≈≈≈≈≈≈≈≈≈≈≈W≈≈≈≈≈#
≈≈≈≈≈≈≈≈≈≈≈≈≈@≈≈≈≈≈#
≈≈≈#################
P≈ .


You could see nezrel's ghost and a giant cockroach.

Vanquished Creatures
  Eustachio (D:4)
  2 sky beasts (D:5)
  A phantom (D:4)
  2 ogres (D:4)
  A hound (D:4)
  2 orc wizards
  Ijyb (D:4)
  Natasha (thrice) (D:4)
  3 worker ants
  4 gnolls (D:5)
  A howler monkey skeleton (D:4)
  7 adders
  3 worms (D:5)
  3 giant geckos
  9 orcs
  2 ball pythons
  3 bats
  6 giant cockroaches
  12 goblins
  5 hobgoblins
  10 jackals
  A quokka (D:2)
  3 giant newts
  7 kobolds
  8 rats
100 creatures vanquished.

Notes
Turn   | Place    | Note
--------------------------------------------------------------
     0 | D:1      | Wardy2 the Minotaur Berserker began the quest for the Orb.
     0 | D:1      | Reached XP level 1. HP: 19/19 MP: 0/0
   210 | D:1      | Reached XP level 2. HP: 25/26 MP: 1/1
   652 | D:2      | Reached skill level 1 in Short Blades
   652 | D:2      | Reached XP level 3. HP: 31/31 MP: 2/2
   723 | D:2      | Reached ** piety under Trog
  1359 | D:3      | Found a white marble altar of Elyvilon.
  1425 | D:3      | Reached XP level 4. HP: 39/39 MP: 3/3
  1649 | D:3      | Found a deep blue altar of Sif Muna.
  1697 | D:4      | Noticed Natasha
  1704 | D:4      | Killed Natasha
  1757 | D:4      | Reached XP level 5. HP: 43/45 MP: 4/4
  1807 | D:4      | Reached skill level 5 in Short Blades
  1823 | D:4      | Noticed Eustachio
  1852 | D:4      | Killed Eustachio
  1852 | D:4      | Reached XP level 6. HP: 51/51 MP: 5/5
  1875 | D:4      | Noticed Natasha
  1930 | D:4      | Killed Natasha
  2086 | D:4      | Noticed Natasha
  2094 | D:4      | Killed Natasha
  2094 | D:4      | Reached skill level 1 in Long Blades
  2178 | D:4      | Reached skill level 3 in Long Blades
  2178 | D:4      | Reached XP level 7. HP: 23/57 MP: 6/6
  2328 | D:4      | Reached skill level 4 in Long Blades
  2442 | D:4      | Reached skill level 5 in Long Blades
  2498 | D:4      | Reached *** piety under Trog
  2570 | D:4      | Noticed Ijyb
  2579 | D:4      | Killed Ijyb
  2910 | D:5      | Entered Level 5 of the Dungeon
  2925 | D:5      | Reached skill level 6 in Long Blades
  2929 | D:5      | Gained mutation: You have a pair of large horns on your head. [mutagenic meat]
  2930 | D:5      | Gained mutation: Your system is resistant to poisons. [mutagenic meat]
  2931 | D:5      | Gained mutation: Your mind is acute. (Int +2) [mutagenic meat]
  2932 | D:5      | Gained mutation: You are clumsy. (Dex -2) [mutagenic meat]
  2933 | D:5      | Gained mutation: Your spells are a little harder to cast, but a little more powerful. [mutagenic meat]
  3069 | D:5      | Reached skill level 7 in Long Blades
  3073 | D:5      | Gained mutation: You are very clumsy. (Dex -4) [mutagenic meat]
  3093 | D:5      | Found an opulent altar of Gozag.
  3139 | D:5      | Reached XP level 8. HP: 64/64 MP: 7/7
  3210 | D:5      | Found a glowing drain.
  3230 | Sewer    | Entered a sewer
  3250 | Sewer    | Noticed nezrel's ghost (amateur MiFi)
  3289 | Sewer    | Slain by nezrel's ghost

Skill      XL: |  1  2  3  4  5  6  7 |
---------------+----------------------+-----
Polearms       | 4 |  4.7
Short Blades   | 1 2 4 6 |  6.8
Long Blades    | 3 7 |  7.5
Fighting       | |  3.6
Armour         | |  2.4
Dodging        | |  2.1

Action                   |  1- 3 |  4- 6 |  7- 9 || total
-------------------------+-------+-------+-------++-------
Melee: Spear             |    37 |       |       ||    37
       Headbutt          |    13 |    15 |    16 ||    44
       Short sword       |    64 |   145 |       ||   209
       Long sword        |       |    26 |   120 ||   146
Invok: Berserk           |       |     1 |       ||     1
 Abil: Evoke Flight      |       |     1 |     2 ||     3
  Use: Potion            |       |     2 |     2 ||     4
       Scroll            |       |     1 |       ||     1
  Eat: Chunk             |     1 |     3 |    12 ||    16
       Meat ration       |       |       |     1 ||     1
Armor: Chain mail        |    61 |    91 |   128 ||   280
Dodge: Dodged            |    64 |    66 |    71 ||   201
